[Event "WTCC-50 2018"]
[Site "Radebeul"]
[Date "2018.07.14"]
[Round "8"]
[White "Schulz, Klaus-Juergen"]
[Black "Plotkin, Victor"]
[Result "1-0"]
[ECO "E16"]
[WhiteElo "2324"]
[BlackElo "2248"]
[Annotator "ChessBase"]
[PlyCount "97"]
[EventDate "2018.07.07"]
[EventType "team-tourn"]
[EventCountry "GER"]
[SourceTitle "playchess.com"]
[Source "ChessBase"]
[SourceQuality "1"]
[TimeControl "40/5400+30:1800+30"]

1. d4 Nf6 2. Nf3 e6 3. c4 b6 4. g3 Bb7 5. Bg2 Bb4+ 6. Bd2 Be7 7. O-O d5 8. cxd5 exd5 9. Nc3 O-O 10. Bf4 Nbd7 11. Rc1 c6 12. Ne5 Re8 13. e4 dxe4 14. Nxe4 Nxe5 15. dxe5 Nd5 16. Qg4 Qc8 17. Qh5 Qe6 18. Bh3 Nxf4 19. gxf4 Qg6+ 20. Qxg6 hxg6 21. Bd7 Red8 22. Bxc6 Rab8 23. Bxb7 Rxb7 24. Rfd1 Rxd1+ 25. Rxd1 Rc7 26. Kf1 Kf8 27. Ke2 Ke8 28. Nc3 Rc4 29. Nd5 Rc2+ 30. Rd2 Rc1 31. Kd3 Kd7 32. Ke4 Ke6 33. b4 Bh4 34. Ne3 Be7 35. Rc2 Rh1 36. b5 Rxh2 37. f5+ gxf5+ 38. Nxf5 Bc5 39. Nxg7+ Kd7 40. Rd2+ Kc8 41. Ne8 Bxf2 42. Nd6+ Kd7 43. Nxf7+ Ke7 44. Nd6 Ke6 45. Nf5 Bg1 46. Rd6+ Kf7 47. e6+ Ke8 48. e7 Re2+ 49. Kd5 1-0

[Event "WTCC-50 2018"]
[Site "Radebeul"]
[Date "2018.07.14"]
[Round "8"]
[White "Denk, Adolf"]
[Black "Kempter, Ronald"]
[Result "1-0"]
[ECO "A49"]
[WhiteElo "2262"]
[BlackElo "2233"]
[Annotator "NA"]
[PlyCount "93"]
[EventDate "2018.07.07"]
[EventType "team-tourn"]
[EventCountry "GER"]
[SourceTitle "playchess.com"]
[Source "ChessBase"]
[SourceQuality "1"]
[TimeControl "40/5400+30:1800+30"]

1. d4 Nf6 2. Nf3 g6 3. g3 Bg7 4. Bg2 O-O 5. O-O c5 6. c4 cxd4 7. Nxd4 Nc6 8. Nc3 d6 9. Nxc6 bxc6 10. Bxc6 Rb8 11. Bg2 Qa5 12. Qa4 Qxa4 {[%emt 0:29:22] E65: King's Indian: Fianchetto: 6...c5 7 0-0 without d5 by White} 13. Nxa4 Bd7 (13... Ng4 14. Nc3 Ne5 15. c5 dxc5 16. Bg5 Rxb2 17. Bxe7 Re8 18. Nd5 Rxe2 19. Nf6+ Bxf6 20. Bxf6 {½-½ (42) Nepomniachtchi,I (2714)-Jakovenko,D (2747) Yaroslavl 2014}) 14. Nc3 Rfc8 15. b3 Bc6 $146 ({Predecessor:} 15... d5 16. Bf4 Rb6 17. Bxd5 e6 18. Bf3 Nh5 19. Bd2 Rd6 20. Rad1 Be8 21. Ne4 Ra6 22. g4 Nf6 23. Nxf6+ Bxf6 {1-0 (23) Golda,H (2297)-Spiess,G (2408) Germany 2003}) 16. Bd2 Bxg2 17. Kxg2 Nd7 18. Rac1 Nc5 19. Rc2 Ne6 20. Nd5 Kf8 21. Be3 Nd4 22. Rd2 Nc6 23. Rc1 a5 24. c5 Nb4 25. Nxb4 axb4 26. Rc4 Bc3 27. Rd3 dxc5 28. Bxc5 Ke8 29. a4 Rc6 30. Ba7 Rxc4 31. Bxb8 Rc8 32. Ba7 f5 33. f4 Be1 34. Rd1 Bc3 35. Kf3 Bb2 36. Bb6 Rb8 37. a5 Ra8 38. Ke3 e6 39. Kd3 Rc8 40. Ke3 Ra8 41. Rd6 Bc3 42. Kd3 Ke7 43. Rc6 h5 44. Kc4 Kd7 45. Rc7+ Kd6 46. Kb5 Bd2 47. a6 $18 1-0

[Event "WTCC-50 2018"]
[Site "Radebeul"]
[Date "2018.07.14"]
[Round "8"]
[White "Schoene, Ralf"]
[Black "Rensch, Toralf"]
[Result "1/2-1/2"]
[ECO "A52"]
[WhiteElo "2256"]
[BlackElo "2088"]
[Annotator "NA"]
[PlyCount "47"]
[EventDate "2018.07.07"]
[EventType "team-tourn"]
[EventCountry "GER"]
[SourceTitle "playchess.com"]
[Source "ChessBase"]
[SourceQuality "1"]
[TimeControl "40/5400+30:1800+30"]

1. d4 Nf6 2. c4 e5 3. dxe5 Ng4 4. Bf4 g5 5. Bd2 Nxe5 6. Bc3 Nbc6 7. e3 Bb4 8. f4 gxf4 9. exf4 Ng6 10. Qd2 Qe7+ 11. Be2 Nh4 12. Kf1 {[%emt 0:07:39] [#]} Nf5 $17 13. Na3 Ne3+ 14. Ke1 Nxg2+ 15. Kf2 Rg8 16. Bxb4 Nxb4 17. Nf3 Qc5+ 18. Nd4 Nc6 19. Nac2 Nxd4 20. Nxd4 Nh4 21. Rae1 Kf8 22. Qe3 Rg2+ 23. Kf1 d6 24. Bf3 1/2-1/2

[Event "WTCC-50 2018"]
[Site "Radebeul"]
[Date "2018.07.14"]
[Round "8"]
[White "Findlay, Ian T."]
[Black "Wolf, Volker"]
[Result "1-0"]
[ECO "C10"]
[WhiteElo "2244"]
[BlackElo "2323"]
[Annotator "NA"]
[PlyCount "65"]
[EventDate "2018.07.07"]
[EventType "team-tourn"]
[EventCountry "GER"]
[SourceTitle "playchess.com"]
[Source "ChessBase"]
[SourceQuality "1"]
[TimeControl "40/5400+30:1800+30"]

1. e4 e6 2. d4 d5 3. Nd2 dxe4 4. Nxe4 Bd7 5. Nf3 Bc6 6. Bd3 Nd7 7. Qe2 Ngf6 8. Bf4 {[%emt 0:00:19] C10: French with 3 Nc3: Unusual Black 3rd moves and 3...dxe4} (8. Nxf6+ Nxf6 9. Bb5 Qd5 10. Bxc6+ Qxc6 11. O-O Bd6 12. c4 O-O 13. Re1 Rfe8 14. Bg5 Be7 15. Ne5 Qd6 16. Rad1 {½-½ (68) Salgado Lopez,I (2627)-Jobava,B (2687) Tbilisi 2017}) 8... Nxe4 9. Bxe4 Bxe4 10. Qxe4 c6 11. O-O-O Be7 12. Kb1 Qa5 $146 ({Predecessor:} 12... Nf6 13. Qe2 Bd6 14. Bg5 h6 15. Bh4 Qa5 16. Ne5 Bxe5 17. dxe5 {1-0 (40) Palac,M (2584)-Mohr,G (2478) Sibenik 2006}) 13. c4 Nf6 14. Qc2 O-O 15. Rhe1 Rfe8 16. h3 Rad8 17. g4 c5 18. Be3 cxd4 19. Bxd4 Nd7 20. h4 Bc5 21. Ng5 Nf8 22. Bxc5 $11 Qxc5 23. Ne4 Qc6 24. h5 h6 25. f4 Qc7 26. Qf2 f5 27. Rxd8 Rxd8 28. gxf5 exf5 29. Ng3 Qxc4 30. Nxf5 Ne6 31. Qg3 Rd2 32. Nxh6+ Kf8 33. Qg6 1-0

[Event "WTCC-50 2018"]
[Site "Radebeul"]
[Date "2018.07.14"]
[Round "8"]
[White "Strutinskaia, Galina"]
[Black "Welling, Gerard"]
[Result "1/2-1/2"]
[ECO "A49"]
[WhiteElo "2221"]
[BlackElo "2317"]
[Annotator "NA"]
[PlyCount "117"]
[EventDate "2018.07.07"]
[EventType "team-tourn"]
[EventCountry "GER"]
[SourceTitle "playchess.com"]
[Source "ChessBase"]
[SourceQuality "1"]
[TimeControl "40/5400+30:1800+30"]

1. d4 Nf6 2. Nf3 g6 3. g3 b6 4. Bg2 Bb7 5. O-O Bg7 6. Re1 O-O 7. Nbd2 d5 8. Ne5 Nbd7 9. Ndf3 c5 10. c3 e6 11. Bf4 Ne4 12. Rc1 Nxe5 13. Nxe5 f6 14. Nd3 c4 15. Nb4 g5 16. Be3 f5 17. f3 Nd6 18. Qd2 h6 19. Bf2 Qf6 20. e3 Rf7 21. Re2 Raf8 22. Rf1 Qg6 23. Qd1 a5 24. Nc2 h5 25. Ne1 Bc6 26. Qc2 Qh6 27. h3 Bf6 28. Qc1 Rg7 29. Nc2 g4 30. fxg4 hxg4 31. h4 Bd8 32. Be1 Rgf7 33. Rf4 Bc7 34. Bd2 Ne4 35. Be1 Bxf4 36. exf4 b5 37. Ne3 Qf6 38. a3 Rb8 39. Nc2 Rfb7 40. Qe3 Bd7 41. Kh2 Nd6 42. Kg1 Kf7 43. Kh2 Ne8 44. Qf2 Nc7 45. Re5 Kf8 46. Bd2 Qe7 47. Re1 Qd6 48. Ra1 Na6 49. Qe1 Kf7 50. Kg1 Ra8 51. Kh2 Nb8 52. Kg1 Nc6 53. Kh2 Ke7 54. Ne3 Kd8 55. Nc2 Raa7 56. Kg1 Kc7 57. Kh2 Kb8 58. Kg1 Kc7 59. Kf2 1/2-1/2

[Event "WTCC-50 2018"]
[Site "Radebeul"]
[Date "2018.07.14"]
[Round "8"]
[White "Strutinskaia, Galina"]
[Black "Welling, Gerard J"]
[Result "1/2-1/2"]
[ECO "A49"]
[WhiteElo "2221"]
[BlackElo "2317"]
[Annotator "NA"]
[PlyCount "117"]
[EventDate "2018.07.07"]
[EventType "team-tourn"]
[EventCountry "GER"]
[SourceTitle "playchess.com"]
[Source "ChessBase"]
[SourceQuality "1"]
[TimeControl "40/5400+30:1800+30"]

1. d4 Nf6 2. Nf3 g6 3. g3 b6 4. Bg2 Bb7 5. O-O {[%emt 0:00:19] A49: 1 d4 Nf6 2 Nf3 g6 3 g3: Anti-King's Indian systems} Bg7 6. Re1 (6. c4 e6 7. Nc3 O-O 8. d5 exd5 9. cxd5 Re8 10. Nd4 c5 11. Ndb5 d6 12. Bf4 Bf8 13. a4 a6 14. Na3 Nh5 15. Bd2 Nd7 {1-0 (47) Ponomariov,R (2686)-Hou,Y (2658) Shenzhen 2018}) 6... O-O 7. Nbd2 d5 8. Ne5 Nbd7 9. Ndf3 c5 10. c3 e6 $146 ({Predecessor:} 10... Ne4 11. Bf4 f6 12. Nxd7 Qxd7 13. a4 Bc6 14. a5 c4 15. Nd2 {½-½ (24) Pribyl,J (2432)-Kabanov,N (2514) Pardubice 2006}) 11. Bf4 Ne4 12. Rc1 Nxe5 13. Nxe5 f6 14. Nd3 c4 15. Nb4 g5 16. Be3 f5 17. f3 Nd6 18. Qd2 h6 19. Bf2 Qf6 20. e3 Rf7 21. Re2 Raf8 22. Rf1 Qg6 23. Qd1 a5 24. Nc2 h5 25. Ne1 Bc6 26. Qc2 Qh6 27. h3 Bf6 28. Qc1 Rg7 29. Nc2 g4 30. fxg4 hxg4 31. h4 Bd8 32. Be1 Rgf7 33. Rf4 Bc7 34. Bd2 Ne4 35. Be1 Bxf4 36. exf4 b5 37. Ne3 Qf6 38. a3 Rb8 39. Nc2 Rfb7 40. Qe3 Bd7 41. Kh2 Nd6 42. Kg1 Kf7 43. Kh2 Ne8 44. Qf2 Nc7 45. Re5 Kf8 46. Bd2 Qe7 47. Re1 Qd6 48. Ra1 Na6 49. Qe1 Kf7 50. Kg1 Ra8 51. Kh2 Nb8 52. Kg1 Nc6 53. Kh2 Ke7 54. Ne3 Kd8 55. Nc2 Raa7 56. Kg1 Kc7 57. Kh2 Kb8 58. Kg1 $19 Kc7 59. Kf2 1/2-1/2

[Event "WTCC-50 2018"]
[Site "Radebeul"]
[Date "2018.07.14"]
[Round "8"]
[White "Pieper, Thomas"]
[Black "Wagner-Michel, Annett"]
[Result "1-0"]
[ECO "B67"]
[WhiteElo "2208"]
[BlackElo "2119"]
[Annotator "NA"]
[PlyCount "79"]
[EventDate "2018.07.07"]
[EventType "team-tourn"]
[EventCountry "GER"]
[SourceTitle "playchess.com"]
[Source "ChessBase"]
[SourceQuality "1"]
[TimeControl "40/5400+30:1800+30"]

1. e4 c5 2. Nf3 Nc6 3. d4 cxd4 4. Nxd4 Nf6 5. Nc3 d6 6. Bg5 a6 7. Qd2 e6 8. O-O-O Bd7 9. f3 b5 10. Nxc6 Bxc6 11. Kb1 Qb6 12. Qe1 Be7 13. Ne2 Qc5 14. Bh4 Bb7 15. Nd4 Rc8 16. c3 O-O 17. g4 Rfe8 18. Bf2 Qc7 19. Rg1 Bf8 20. h4 Nd7 21. g5 d5 22. Bg3 Bd6 23. Bxd6 Qxd6 24. Nb3 Qc7 25. exd5 Bxd5 26. Qe3 Ne5 27. Be2 Bc4 28. h5 Bxe2 29. Qxe2 Nc4 30. Rd4 Rcd8 31. Rgd1 Rxd4 32. Rxd4 Rd8 33. Qd3 Rxd4 34. Qxd4 e5 35. Qd5 Qc8 36. Kc1 Qe8 37. Nc5 a5 38. Nd7 Ne3 39. Qxb5 h6 40. Nf6+ 1-0

[Event "WTCC-50 2018"]
[Site "Radebeul"]
[Date "2018.07.14"]
[Round "8"]
[White "Rohrmueller, Ulrich"]
[Black "Druckenthaner, Andreas"]
[Result "1/2-1/2"]
[ECO "A04"]
[WhiteElo "2205"]
[BlackElo "2296"]
[Annotator "NA"]
[PlyCount "38"]
[EventDate "2018.07.07"]
[EventType "team-tourn"]
[EventCountry "GER"]
[SourceTitle "playchess.com"]
[Source "ChessBase"]
[SourceQuality "1"]
[TimeControl "40/5400+30:1800+30"]

1. Nf3 Nc6 2. d4 d6 3. d5 Nb8 4. c4 g6 5. Nc3 Bg7 6. Bd2 Nf6 7. g3 O-O 8. Bg2 Na6 9. O-O Nc5 10. Qc1 Re8 11. Rd1 e5 12. Bg5 a5 13. Ne1 e4 14. Nc2 $11 Bd7 15. Nd4 Qe7 16. Qf4 Nh5 17. Bxe7 Nxf4 18. Bg5 Nxg2 19. Kxg2 Na4 1/2-1/2

[Event "WTCC-50 2018"]
[Site "Radebeul"]
[Date "2018.07.14"]
[Round "8"]
[White "Polster, Wolfgang, Dr."]
[Black "Barron, Michael"]
[Result "0-1"]
[ECO "C24"]
[WhiteElo "2203"]
[BlackElo "2123"]
[Annotator "NA"]
[PlyCount "58"]
[EventDate "2018.07.07"]
[EventType "team-tourn"]
[EventCountry "GER"]
[SourceTitle "playchess.com"]
[Source "ChessBase"]
[SourceQuality "1"]
[TimeControl "40/5400+30:1800+30"]

1. e4 e5 2. Bc4 Nf6 3. d3 c6 4. Nf3 d5 5. Bb3 Bd6 6. O-O dxe4 7. dxe4 Nxe4 8. Re1 Bf5 9. Nbd2 Nxd2 10. Nxe5 O-O 11. Bxd2 Nd7 12. Ba5 Qf6 13. Nc4 Bc5 14. Bc3 Qg6 15. Ne3 Be6 16. Bxe6 Qxe6 17. Qf3 Ne5 18. Qg3 f6 19. Kh1 Bd6 20. Rad1 Nd3 21. Qf3 Nxe1 22. Rxe1 Rfe8 23. b3 Rad8 24. Qh5 Qf7 25. Qg4 Qg6 26. Qc4+ Kh8 27. Rd1 Qh5 28. h3 Rxe3 29. Rxd6 Rxh3+ 0-1

[Event "WTCC-50 2018"]
[Site "Radebeul"]
[Date "2018.07.14"]
[Round "8"]
[White "Burchardt, Brigitte"]
[Black "Preuss, Heiko"]
[Result "1/2-1/2"]
[ECO "B26"]
[WhiteElo "2195"]
[BlackElo "2235"]
[Annotator "NA"]
[PlyCount "40"]
[EventDate "2018.07.07"]
[EventType "team-tourn"]
[EventCountry "GER"]
[SourceTitle "playchess.com"]
[Source "ChessBase"]
[SourceQuality "1"]
[TimeControl "40/5400+30:1800+30"]

1. e4 c5 2. Nc3 Nc6 3. g3 g6 4. Bg2 Bg7 5. d3 d6 6. Be3 Nf6 7. h3 O-O 8. Qd2 e5 9. Nge2 Rb8 10. O-O Be6 11. f4 Qd7 12. Kh2 Nd4 13. Rab1 Ne8 14. Nd5 Bxd5 15. exd5 Nxe2 16. Qxe2 Nc7 17. c3 a5 18. Qd2 exf4 19. Bxf4 a4 20. Rf2 b5 1/2-1/2

[Event "WTCC-50 2018"]
[Site "Radebeul"]
[Date "2018.07.14"]
[Round "8"]
[White "Taggatz, Mario"]
[Black "Wallner, Joachim"]
[Result "1-0"]
[ECO "D10"]
[WhiteElo "2191"]
[BlackElo "2311"]
[Annotator "NA"]
[PlyCount "59"]
[EventDate "2018.07.07"]
[EventType "team-tourn"]
[EventCountry "GER"]
[SourceTitle "playchess.com"]
[Source "ChessBase"]
[SourceQuality "1"]
[TimeControl "40/5400+30:1800+30"]

1. d4 d5 2. c4 c6 3. cxd5 cxd5 4. Bf4 Nc6 5. e3 Nf6 6. Nc3 a6 7. Rc1 e6 8. Bd3 Be7 9. h3 Bd7 10. Nf3 O-O 11. O-O b5 12. Ne5 Na5 13. Qe2 Nc4 14. b3 Na3 15. Nb1 Nxb1 16. Bxb1 Ba3 17. Nxd7 Qxd7 18. Rc7 Qd8 19. Qd3 g6 20. Rc6 Qe8 21. Qc3 Qd7 22. Be5 Ne4 23. Bxe4 dxe4 24. Qc2 Qd5 25. f3 exf3 26. Rxf3 Qd7 27. Rc7 Rac8 28. Rxf7 Qxf7 29. Rxc8 Qb7 30. Rc7 1-0

[Event "WTCC-50 2018"]
[Site "Radebeul"]
[Date "2018.07.14"]
[Round "8"]
[White "Gempe, Thomas"]
[Black "Arkell, Keith C"]
[Result "0-1"]
[ECO "C16"]
[WhiteElo "2178"]
[BlackElo "2406"]
[Annotator "ChessBase"]
[PlyCount "80"]
[EventDate "2018.07.07"]
[EventType "team-tourn"]
[EventCountry "GER"]
[SourceTitle "playchess.com"]
[Source "ChessBase"]
[SourceQuality "1"]
[TimeControl "40/5400+30:1800+30"]

1. d4 e6 2. e4 d5 3. Nc3 Bb4 4. e5 b6 5. Bd2 Ba6 6. Bxa6 Nxa6 7. Qe2 Qc8 8. Nh3 c6 9. Nf4 g6 10. a3 Bf8 11. b4 Nc7 12. Na4 Qa6 13. Qxa6 Nxa6 14. Nd3 Ne7 15. Ke2 Nf5 16. c3 h5 17. Be3 Be7 18. g3 Nc7 19. Rhc1 Kd7 20. h3 Nb5 21. Nab2 a5 22. Na4 Kc7 23. Kd2 Ra6 24. Nab2 Rha8 25. a4 axb4 26. Nxb4 Bxb4 27. cxb4 Nbxd4 28. Ra3 Kd7 29. g4 hxg4 30. hxg4 Nf3+ 31. Ke2 Nxe3 32. Rxe3 Nd4+ 33. Kd2 Rc8 34. Rec3 c5 35. b5 Raa8 36. Rh1 Rh8 37. Rch3 Rxh3 38. Rxh3 g5 39. Kd3 Ke7 40. Kd2 c4 0-1

[Event "WTCC-50 2018"]
[Site "Radebeul"]
[Date "2018.07.14"]
[Round "8"]
[White "Sirotkina, Nina"]
[Black "Tolhuizen, Ludo"]
[Result "1-0"]
[ECO "A45"]
[WhiteElo "2175"]
[BlackElo "2118"]
[Annotator "NA"]
[PlyCount "33"]
[EventDate "2018.07.07"]
[EventType "team-tourn"]
[EventCountry "GER"]
[SourceTitle "playchess.com"]
[Source "ChessBase"]
[SourceQuality "1"]
[TimeControl "40/5400+30:1800+30"]

1. d4 Nf6 2. Bf4 e6 3. e3 c5 4. Nd2 Nc6 5. c3 d5 6. Ngf3 Be7 7. h3 Bd6 8. dxc5 Bxc5 9. Bd3 Bd6 10. Bxd6 Qxd6 11. e4 O-O 12. O-O b6 13. Re1 dxe4 14. Nxe4 Qe7 15. Nxf6+ Qxf6 16. Be4 Bb7 17. Qd7 1-0

[Event "WTCC-50 2018"]
[Site "Radebeul"]
[Date "2018.07.14"]
[Round "8"]
[White "Olsson, Peter 1962"]
[Black "Wong, Meng Kong"]
[Result "1/2-1/2"]
[ECO "D00"]
[WhiteElo "2172"]
[BlackElo "2248"]
[Annotator "NA"]
[PlyCount "43"]
[EventDate "2018.07.07"]
[EventType "team-tourn"]
[EventCountry "GER"]
[SourceTitle "playchess.com"]
[Source "ChessBase"]
[SourceQuality "1"]
[TimeControl "40/5400+30:1800+30"]

1. d4 d5 2. Bf4 c6 3. c3 Bf5 4. e3 e6 5. Nd2 Nf6 6. Ngf3 h6 7. h4 Bd6 8. Ne5 Ne4 9. Nxe4 Bxe4 10. f3 Bh7 11. Bd3 Bxd3 12. Qxd3 Qe7 13. O-O-O Nd7 14. g4 Bxe5 15. Bxe5 Nxe5 16. dxe5 h5 17. g5 g6 18. f4 O-O-O 19. Qd4 Kb8 20. Kb1 Rc8 21. Rh2 Rhd8 22. Rhd2 1/2-1/2

[Event "WTCC-50 2018"]
[Site "Radebeul"]
[Date "2018.07.14"]
[Round "8"]
[White "Pruefer, Friedbert, Dr."]
[Black "Schlosser, Philipp"]
[Result "0-1"]
[ECO "A06"]
[WhiteElo "2172"]
[BlackElo "2501"]
[Annotator "RC"]
[PlyCount "44"]
[EventDate "2018.07.07"]
[EventType "team-tourn"]
[EventCountry "GER"]
[SourceTitle "playchess.com"]
[Source "ChessBase"]
[SourceQuality "1"]
[TimeControl "40/5400+30:1800+30"]

1. Nf3 d5 2. e3 Nf6 3. b3 Bf5 4. Bb2 e6 5. Be2 h6 6. O-O Bd6 7. c4 O-O 8. d4 c6 9. Nc3 Nbd7 10. h3 Qe7 11. Re1 Bg6 12. Qd2 Rad8 13. Rad1 Ne4 14. Qc1 f5 15. Nxe4 fxe4 16. Ne5 Bf5 17. Nxd7 Rxd7 18. Rf1 Qg5 19. Bg4 Bxg4 20. hxg4 Qh4 21. g3 Qxg4 22. Rd2 Rdf7 0-1

[Event "WTCC-50 2018"]
[Site "Radebeul"]
[Date "2018.07.14"]
[Round "8"]
[White "Chan, Peng Kong"]
[Black "Sundell, Bo"]
[Result "1/2-1/2"]
[ECO "A15"]
[WhiteElo "2158"]
[BlackElo "2157"]
[Annotator "NA"]
[PlyCount "69"]
[EventDate "2018.07.07"]
[EventType "team-tourn"]
[EventCountry "GER"]
[SourceTitle "playchess.com"]
[Source "ChessBase"]
[SourceQuality "1"]
[TimeControl "40/5400+30:1800+30"]

1. c4 Nf6 2. g3 c6 3. Nf3 d5 4. Bg2 e6 5. b3 Bd6 6. Bb2 Nbd7 7. O-O O-O 8. d4 Qe7 9. Nc3 Rd8 10. Qc2 b6 11. e4 dxe4 12. Nxe4 Nxe4 13. Qxe4 Bb7 14. Rad1 Nf6 15. Qc2 a5 16. c5 bxc5 17. dxc5 Bxc5 18. Ng5 Bb4 19. Bxf6 Qxf6 20. Qxh7+ Kf8 21. Qh5 Ke7 22. h4 g6 23. Qg4 Qf5 24. Qc4 Kf8 25. Bh3 Qe5 26. Bxe6 fxe6 27. Nxe6+ Ke7 28. Nxd8 Rxd8 29. Rxd8 Kxd8 30. Rd1+ Kc7 31. Qf7+ Kb6 32. Qxg6 Bc5 33. Qd3 Ka7 34. Qf3 Qe6 35. Kh2 1/2-1/2

[Event "WTCC-50 2018"]
[Site "Radebeul"]
[Date "2018.07.14"]
[Round "8"]
[White "Ernst, Michael"]
[Black "Scheckenbach, Franz"]
[Result "1/2-1/2"]
[ECO "A40"]
[WhiteElo "2156"]
[BlackElo "2106"]
[Annotator "NA"]
[PlyCount "51"]
[EventDate "2018.07.07"]
[EventType "team-tourn"]
[EventCountry "GER"]
[SourceTitle "playchess.com"]
[Source "ChessBase"]
[SourceQuality "1"]
[TimeControl "40/5400+30:1800+30"]

1. d4 e6 2. Bf4 d5 3. e3 Nf6 4. Nd2 Bd6 5. Bg3 O-O 6. Bd3 c5 7. c3 Nc6 8. Ngf3 b6 9. e4 Be7 10. dxc5 bxc5 11. O-O Qb6 12. Qc2 Ba6 13. Bxa6 Qxa6 14. exd5 exd5 15. Rfe1 Rfe8 16. a3 Rad8 17. b4 Bf8 18. Qb3 Qd3 19. Rad1 Rxe1+ 20. Rxe1 cxb4 21. cxb4 Qb5 22. Be5 a5 23. bxa5 Qxa5 24. a4 Nxe5 25. Rxe5 Bb4 26. Nf1 1/2-1/2

[Event "WTCC-50 2018"]
[Site "Radebeul"]
[Date "2018.07.14"]
[Round "8"]
[White "Heinsohn, Guenther"]
[Black "Volke, Karsten"]
[Result "1/2-1/2"]
[ECO "A28"]
[WhiteElo "2150"]
[BlackElo "2474"]
[Annotator "ChessBase"]
[PlyCount "115"]
[EventDate "2018.07.07"]
[EventType "team-tourn"]
[EventCountry "GER"]
[SourceTitle "playchess.com"]
[Source "ChessBase"]
[SourceQuality "1"]
[TimeControl "40/5400+30:1800+30"]

1. c4 e5 2. Nc3 Nf6 3. Nf3 Nc6 4. e3 d5 5. cxd5 Nxd5 6. Bb5 Nxc3 7. bxc3 Bd6 8. d4 e4 9. Nd2 Qg5 10. Bf1 Qg6 11. f3 exf3 12. Qxf3 O-O 13. Be2 f5 14. Nc4 Bd7 15. Nxd6 cxd6 16. O-O Rae8 17. Bd3 Nd8 18. c4 Bc6 19. d5 Bd7 20. Bb2 Nf7 21. Bxf5 Bxf5 22. Qxf5 Rxe3 23. Bd4 Qxf5 24. Rxf5 Re4 25. Bxa7 Rxc4 26. Rb1 Rc7 27. Bb6 Re7 28. Bd4 Ra8 29. Rb2 Ra4 30. Bf2 Rc4 31. h3 h6 32. Rf3 Rc1+ 33. Kh2 Rd1 34. Re3 Ne5 35. Reb3 Rxd5 36. Bh4 Rc7 37. Bg3 Nf7 38. Rxb7 Rxb7 39. Rxb7 Ra5 40. Rb2 Kf8 41. Be1 Ra3 42. Bb4 Ra4 43. a3 Ke7 44. Rc2 Kd7 45. Rf2 Ne5 46. Rf8 Ra7 47. Kg3 Ke6 48. Rd8 Nc4 49. Kf3 Kd5 50. g4 Re7 51. h4 Rf7+ 52. Kg3 Ra7 53. h5 Ke6 54. Re8+ Kd7 55. Rg8 Ke6 56. Re8+ Kd7 57. Rg8 Ke6 58. Re8+ 1/2-1/2

[Event "WTCC-50 2018"]
[Site "Radebeul"]
[Date "2018.07.14"]
[Round "8"]
[White "Van den Bersselaar, Jeroen"]
[Black "Kryukova, Irina"]
[Result "1/2-1/2"]
[ECO "A13"]
[WhiteElo "2142"]
[BlackElo "2249"]
[Annotator "NA"]
[PlyCount "48"]
[EventDate "2018.07.07"]
[EventType "team-tourn"]
[EventCountry "GER"]
[SourceTitle "playchess.com"]
[Source "ChessBase"]
[SourceQuality "1"]
[TimeControl "40/5400+30:1800+30"]

1. Nf3 Nf6 2. c4 e6 3. g3 d5 4. Bg2 dxc4 5. Qa4+ c6 6. Qxc4 b5 7. Qc2 Bb7 8. a4 a6 9. O-O Be7 10. Nc3 Nbd7 11. d3 O-O 12. h3 Nd5 13. Nxd5 cxd5 14. d4 Rc8 15. Qd3 b4 16. Bd2 a5 17. Rfc1 Qb6 18. Qb5 Qxb5 19. axb5 Rxc1+ 20. Bxc1 Rc8 21. Bf4 Bd8 22. Ne1 Bb6 23. e3 f6 24. Bd6 Kf7 1/2-1/2

[Event "WTCC-50 2018"]
[Site "Radebeul"]
[Date "2018.07.14"]
[Round "8"]
[White "Rudolf, Matthias"]
[Black "Penzold, Andreas"]
[Result "0-1"]
[ECO "A01"]
[WhiteElo "2102"]
[BlackElo "2389"]
[Annotator "NA"]
[PlyCount "108"]
[EventDate "2018.07.07"]
[EventType "team-tourn"]
[EventCountry "GER"]
[SourceTitle "playchess.com"]
[Source "ChessBase"]
[SourceQuality "1"]
[TimeControl "40/5400+30:1800+30"]

1. b3 e5 2. Bb2 d6 3. e3 Nf6 4. Nf3 g6 5. d4 {[%emt 0:02:53] A05: Réti Opening: 1 Nf3 Nf6} (5. c4 Bg7 6. Nc3 O-O 7. Be2 Re8 8. d4 e4 9. Nd2 c5 10. d5 h5 11. Qc2 Bf5 12. h3 Qe7 13. O-O-O {½-½ (56) Gabuzyan,H (2592)-Petrosian,D (2399) Yerevan 2016}) 5... e4 6. Nfd2 Bg7 7. Be2 h5 8. c4 Bf5 9. Nc3 O-O 10. h3 $146 ({Predecessor:} 10. O-O Re8 11. Re1 Nbd7 12. f4 exf3 13. Bxf3 c6 14. e4 Bg4 15. Bxg4 Nxg4 {0-1 (25) Mercier,J (1894)-Caroff,F (2107) Sautron 2010}) 10... h4 11. Bg4 Qd7 12. Ndxe4 Nxg4 13. hxg4 Bxg4 14. f3 Bf5 15. Rxh4 c6 16. Qd2 Bxe4 17. Nxe4 d5 18. Nc5 Qe7 19. Rh3 Re8 20. Kf2 Nd7 21. Nxd7 Qxd7 22. cxd5 cxd5 23. Rc1 Re6 24. Qd3 Rae8 25. f4 Re4 26. Rc2 Qf5 27. Rf3 Qg4 28. Bc3 Bf6 29. Kg1 Bh4 30. Re2 Bg3 31. Be1 Bxf4 32. Bf2 Qe6 33. Kf1 Bg5 34. Rc2 Bd8 35. Qb5 Bb6 36. Rc1 Kg7 37. Qd3 Rh8 38. Kg1 g5 39. Bg3 f6 40. Rcf1 Bd8 41. Kf2 Re8 42. Qb5 $2 (42. Rh1 {is more resistant.}) 42... Rxe3 43. Qxb7+ {[%emt 0:03:51] [#]} Kg6 $1 44. Kg1 Rxf3 45. gxf3 Bb6 46. Re1 {[%emt 0:02:02] [#]} Qh3 $1 47. Rxe8 Bxd4+ 48. Bf2 Qg3+ $1 49. Kh1 Qxf3+ 50. Kh2 Qxf2+ 51. Kh3 Qf1+ 52. Kg3 Qg1+ 53. Kf3 Qf2+ 54. Kg4 Qg2# 0-1

[Event "WTCC-50 2018"]
[Site "Radebeul"]
[Date "2018.07.14"]
[Round "8"]
[White "Rudolf, Matthias, Dr."]
[Black "Penzold, Andreas"]
[Result "0-1"]
[ECO "A01"]
[WhiteElo "2102"]
[BlackElo "2389"]
[Annotator "NA"]
[PlyCount "108"]
[EventDate "2018.07.07"]
[EventType "team-tourn"]
[EventCountry "GER"]
[SourceTitle "playchess.com"]
[Source "ChessBase"]
[SourceQuality "1"]
[TimeControl "40/5400+30:1800+30"]

1. b3 e5 2. Bb2 d6 3. e3 Nf6 4. Nf3 g6 5. d4 e4 6. Nfd2 Bg7 7. Be2 h5 8. c4 Bf5 9. Nc3 O-O 10. h3 h4 11. Bg4 Qd7 12. Ndxe4 Nxg4 13. hxg4 Bxg4 14. f3 Bf5 15. Rxh4 c6 16. Qd2 Bxe4 17. Nxe4 d5 18. Nc5 Qe7 19. Rh3 Re8 20. Kf2 Nd7 21. Nxd7 Qxd7 22. cxd5 cxd5 23. Rc1 Re6 24. Qd3 Rae8 25. f4 Re4 26. Rc2 Qf5 27. Rf3 Qg4 28. Bc3 Bf6 29. Kg1 Bh4 30. Re2 Bg3 31. Be1 Bxf4 32. Bf2 Qe6 33. Kf1 Bg5 34. Rc2 Bd8 35. Qb5 Bb6 36. Rc1 Kg7 37. Qd3 Rh8 38. Kg1 g5 39. Bg3 f6 40. Rcf1 Bd8 41. Kf2 Re8 42. Qb5 Rxe3 43. Qxb7+ Kg6 44. Kg1 Rxf3 45. gxf3 Bb6 46. Re1 Qh3 47. Rxe8 Bxd4+ 48. Bf2 Qg3+ 49. Kh1 Qxf3+ 50. Kh2 Qxf2+ 51. Kh3 Qf1+ 52. Kg3 Qg1+ 53. Kf3 Qf2+ 54. Kg4 Qg2# 0-1

[Event "WTCC-50 2018"]
[Site "Radebeul"]
[Date "2018.07.14"]
[Round "8"]
[White "Heyme, Sibylle"]
[Black "Boehm, Martin"]
[Result "1/2-1/2"]
[ECO "A37"]
[WhiteElo "2037"]
[BlackElo "2172"]
[Annotator "NA"]
[PlyCount "36"]
[EventDate "2018.07.07"]
[EventType "team-tourn"]
[EventCountry "GER"]
[SourceTitle "playchess.com"]
[Source "ChessBase"]
[SourceQuality "1"]
[TimeControl "40/5400+30:1800+30"]

1. Nf3 c5 2. g3 Nc6 3. Bg2 g6 4. c4 Bg7 5. Nc3 e5 6. d3 Nge7 7. O-O O-O 8. a3 d6 9. Bd2 h6 10. Rb1 Be6 11. b4 b6 12. Ne1 Rb8 13. Nc2 Qd7 14. Ne3 Bh3 15. Ned5 Bxg2 16. Kxg2 Nxd5 17. Nxd5 Qb7 18. Kg1 Ne7 1/2-1/2